 Dungeon Crawl Stone Soup version 0.29.1-2-gbd0b4ee654 (webtiles) character file.

Game seed: 541613090861526028

812 Sabo the Cleaver (level 7, -4/93 HPs)
             Began as a Minotaur Berserker on Oct 30, 2022.
             Was a Believer of Trog.
             Killed from afar by an electric eel (8 damage)
             ... with a bolt of electricity
             ... on level 4 of the Dungeon.
             The game lasted 00:18:47 (3760 turns).

Sabo the Cleaver (Minotaur Berserker)               Turns: 3760, Time: 00:18:47

Health: -4/93      AC: 13    Str: 28    XL:     7   Next: 61%
Magic:  6/6        EV:  9    Int:  6    God:    Trog [**....]
Gold:   261        SH:  0    Dex: 10    Spells: 6/6 levels left

rFire   . . .      SeeInvis +   p - +7 war axe "Qoh Bima" {vorpal, Str+5 Int+2 SInv Stlth+}
rCold   . . .      Faith    .   (no shield)
rNeg    . . .      Spirit   .   c - +0 chain mail
rPois   .          Reflect  .   (helmet restricted)
rElec   .          Harm     .   g - +2 cloak
rCorr   .          Rampage  .   (no gloves)
Will    .....                   (no boots)
Stlth   ..........              (no amulet)
HPRegen 0.25/turn               (no ring)
MPRegen 0.10/turn               (no ring)

@: berserking, very quick
A: horns 2, retaliatory headbutt
a: Renounce Religion, Berserk, Trog's Hand


You were on level 4 of the Dungeon.
You worshipped Trog.
Trog was pleased with you.
You visited 1 branch of the dungeon, and saw 4 of its levels.

You collected 261 gold pieces.

Inventory:

Hand Weapons
 p - the +7 war axe "Qoh Bima" (weapon) {vorpal, Str+5 Int+2 SInv Stlth+}
   (You found it on level 3 of the Dungeon)

   It inflicts extra damage upon your enemies.
   Str:       It affects your strength (+5).
   Int:       It affects your intelligence (+2).
   SInv:      It lets you see invisible.
   Stlth:     It makes you more stealthy.
 s - a +3 quarterstaff of chaos
Missiles
 b - 2 poisoned darts (quivered)
Armour
 c - a +0 chain mail (worn)
 g - a +2 cloak (worn)
Wands
 a - a wand of flame (41)
 q - a wand of polymorph (11)
 r - a wand of light (5)
Scrolls
 d - a scroll of magic mapping
 e - a scroll of brand weapon
 f - 3 scrolls of fear
 k - 2 scrolls of teleportation {unknown}
 n - a scroll of amnesia {unknown}
 o - a scroll of poison {unknown}
Potions
 h - a potion of cancellation {unknown}
 i - 2 potions of curing {unknown}
 j - a potion of heal wounds {unknown}
 l - 2 potions of attraction {unknown}
 m - a potion of mutation {unknown}
 t - a potion of ambrosia {unknown}


   Skills:
 + Level 5.8 Fighting
 + Level 8.1 Axes
 + Level 5.7 Armour
 + Level 2.7 Dodging
 + Level 0.7 Stealth


You had 6 spell levels left.
You didn't know any spells.
Your spell library was empty.

Dungeon Overview and Level Annotations

Branches:
Dungeon (4/15)
 Temple: D:4-7

Altars:
Ashenzari
Cheibriados
Dithmenos
Fedhas
Hepliaklqana
Nemelex Xobeh
Zin

Annotations:
D:4 1 transporter


Innate Abilities, Weirdness & Mutations

You have a pair of horns on your head.
You reflexively headbutt those who attack you in melee.


Message History

The electric eel shoots out a bolt of lightning at you!
The bolt of electricity misses you. The bolt of electricity hits you!
The bolt of electricity hits the plant!
The plant begins to die.
There is an open door here.
The electric eel shoots out a bolt of lightning at you!
The bolt of electricity hits you!
The bolt of electricity misses the electric eel.
The bolt of electricity hits the electric eel.
The electric eel completely resists.
You barely miss the electric eel. You headbutt the electric eel!
The electric eel is severely wounded.
You completely miss the electric eel.
The electric eel shoots out a bolt of lightning at you!
The bolt of electricity hits you but does no damage.
The bolt of electricity hits the electric eel.
The electric eel completely resists.
The bolt of electricity hits the electric eel.
The electric eel completely resists.
You slice the electric eel!!
You kill the electric eel!
Trog accepts your kill.
You closely miss the electric eel.
The electric eel shoots out a bolt of lightning at you!
The bolt of electricity hits you! The bolt of electricity hits you.
* * * LOW HITPOINT WARNING * * *
A red film seems to cover your vision as you go berserk!
You feel yourself moving faster!
You feel mighty!
A nearby plant withers and dies.
You slash the electric eel!
The electric eel is almost dead.
The electric eel shoots out a bolt of lightning at you!
The bolt of electricity hits you.
* * * LOW HITPOINT WARNING * * *
The bolt of electricity hits you!
* * * LOW HITPOINT WARNING * * *
The electric eel shoots out a bolt of lightning at you!
The bolt of electricity hits you!
* * * LOW HITPOINT WARNING * * *
The bolt of electricity hits you!
You die...

##...## ####.# #.# #.
....## ##....# #.# #.
###.# ####...#.## #.#
#. # #.# ##....©....#
#.########. # #.#
##..#######.#
#...<...... ###.##
##...#8.©.8#.#
##########.
##...###.>..#P...~#.#
#.
...#........###'###.#
#.
##...###....#S..@~#.#
##
###.#####...#~...S#.#
#
###.........#~P~~~#.#
#
.....######.#~~⌠~~#.#
# ###.## ##.#~~~P~#.#
# #.######).#~~~~~#.#
# #....(....#~P~~~#..
#######
#######...###+###..#
.......
#########.#.#P.).P#.!#
#######


You could see 2 electric eels.

Vanquished Creatures
  Grinder (D:3)
  A black bear (D:4)
  A phantom (D:4)
  A necrophage (D:4)
  An electric eel (D:4)
  An orc priest (D:3)
  Crazy Yiuf (D:3)
  Jessica (D:2)
  Ijyb (D:3)
  Natasha (twice) (D:3)
  An orc wizard (D:3)
  Terence (D:3)
  6 adders
  2 ufetubi
  3 worms
  A dart slug (D:1)
  5 orcs
  5 bats
  9 endoplasms
  A giant cockroach (D:2)
  5 goblins
  6 hobgoblins
  4 jackals
  3 quokkas
  2 ball pythons
  3 frilled lizards
  7 kobolds
  2 rats
77 creatures vanquished.

Vanquished Creatures (others)
  A plant (D:4)
1 creature vanquished.

Grand Total: 78 creatures vanquished

Notes
Turn   | Place    | Note
-------+----------+-------------------------------------------
     0 | D:1      | Sabo the Minotaur Berserker began the quest for the Orb.
     0 | D:1      | Reached XP level 1. HP: 19/19 MP: 0/0
   362 | D:1      | Reached XP level 2. HP: 25/27 MP: 1/1
   888 | D:1      | Reached skill level 4 in Axes
  1078 | D:2      | Reached XP level 3. HP: 33/33 MP: 2/2
  1158 | D:2      | Found a faded altar of an unknown god.
  1186 | D:2      | Noticed Jessica
  1191 | D:2      | Killed Jessica
  1193 | D:2      | Reached XP level 4. HP: 37/41 MP: 3/3
  1250 | D:2      | Reached ** piety under Trog
  1646 | D:3      | Found a blossoming altar of Fedhas.
  1649 | D:3      | Reached skill level 5 in Axes
  1832 | D:3      | Identified the +0 plate armour "Tyirigruj" {rElec rN++
                  | Slay-5}
  1844 | D:3      | Identified the +7 war axe "Qoh Bima" {vorpal, Str+5 Int+2
                  | SInv Stlth+}
  1954 | D:3      | Noticed Terence
  1965 | D:3      | Killed Terence
  2133 | D:3      | Found a glowing silver altar of Zin.
  2133 | D:3      | Noticed an angel
  2224 | D:3      | Found a hazy altar of Hepliaklqana.
  2232 | D:3      | Found a transporter.
  2268 | D:3      | Found a transporter.
  2303 | D:3      | Noticed Ijyb
  2307 | D:3      | Killed Ijyb
  2308 | D:3      | Reached XP level 5. HP: 39/47 MP: 4/4
  2366 | D:3      | Noticed Grinder
  2378 | D:3      | Killed Grinder
  2379 | D:3      | Reached skill level 5 in Fighting
  2379 | D:3      | Reached skill level 6 in Axes
  2379 | D:3      | Reached XP level 6. HP: 30/56 MP: 5/5
  2653 | D:3      | Found a runed translucent door.
  2654 | D:3      | Noticed Crazy Yiuf
  2660 | D:3      | Killed Crazy Yiuf
  2852 | D:3      | Noticed Natasha
  2860 | D:3      | Killed Natasha
  2861 | D:3      | Reached skill level 7 in Axes
  2861 | D:3      | Reached skill level 5 in Armour
  3037 | D:3      | Noticed Natasha
  3043 | D:3      | Killed Natasha
  3072 | D:3      | Reached XP level 7. HP: 59/61 MP: 6/6
  3198 | D:4      | Found a snail-covered altar of Cheibriados.
  3348 | D:4      | Found a shadowy altar of Dithmenos.
  3421 | D:4      | Found a transporter.
  3438 | D:4      | Found a transporter.
  3525 | D:4      | Found a broken altar of Ashenzari.
  3667 | D:4      | Found a sparkling altar of Nemelex Xobeh.
  3688 | D:4      | Reached skill level 8 in Axes
  3760 | D:4      | HP: 4/93 [electric eel/bolt of electricity (10)]
  3760 | D:4      | Killed from afar by an electric eel

Illustrated notes

Levels and vault maps discovered:
D:1:      erik_arrival_orb_chamber, layout_basic, serial_rivers,
          chequers_serial_rivers_large_a, chequers_serial_rivers_micro_a,
          chequers_serial_rivers_micro_b, chequers_serial_rivers_large_b,
          chequers_serial_rivers_micro_c, minmay_misc_feat_tiny
D:2:      layout_loops_ring, shapermc_ecumenical_altar_starsandcircs,
          chequers_serial_rivers_room_b, uniq_jessica
D:3:      layout_basic, gammafunk_temple_overflow_arena, fedhas_altar_1,
          zin_angel, uniq_grinder, uniq_ijyb, uniq_terence, uniq_natasha,
          uniq_crazy_yiuf_cottage
D:4:      gammafunk_steamed_eel, layout_loops_ring, nemelex_dance_club_becter,
          cheibrodos_ashenzari_chains, overflow_temple_1_default,
          mainiacjoe_overflow_alcove_1

Skill      XL: |  1  2  3  4  5  6  7 |
---------------+----------------------+-----
Fighting       | 4 5 |  5.8
Axes           | 4 5 6 7 8 |  8.1
Armour         | 3 4 5 |  5.7
Dodging        | |  2.7
Stealth        | |  0.7

Action                   |  1- 3 |  4- 6 |  7- 9 || total
-------------------------+-------+-------+-------++-------
Melee: Hand axe          |    61 |    26 |       ||    87
       Headbutt          |     8 |     8 |     6 ||    22
       War axe           |       |    26 |    36 ||    62
       Punch             |       |     1 |       ||     1
Invok: Berserk           |       |     1 |     1 ||     2
  Use: Scroll            |       |     1 |     2 ||     3
Armor: Chain mail        |    44 |    35 |    24 ||   103
Dodge: Dodged            |    34 |    29 |    17 ||    80
